 Dungeon Crawl Stone Soup version 0.29.0-3-gbb0933ed62 (webtiles) character file.

Game seed: 10972505290030858736

6748 Iusername the Cleaver (level 10, -1/88 HPs)
             Began as a Minotaur Fighter on Aug 24, 2022.
             Slain by an 11-headed hydra (3 damage)
             ... on level 9 of the Dungeon on Aug 25, 2022.
             The game lasted 00:24:22 (15707 turns).

Iusername the Cleaver (Minotaur Fighter)           Turns: 15707, Time: 00:24:22

Health: -1/88      AC: 17    Str: 22    XL:     10   Next: 75%
Magic:  9/9        EV: 11    Int:  5    God:
Gold:   530        SH: 12    Dex: 19    Spells: 9/9 levels left

rFire   . . .      SeeInvis .   i - +3 hand axe (vorpal)
rCold   . . .      Faith    .   y - +0 kite shield
rNeg    . . .      Spirit   .   x - +0 plate armour
rPois   .          Reflect  .   (helmet restricted)
rElec   .          Harm     .   j - +1 cloak
rCorr   .          Rampage  .   (no gloves)
Will    .....                   (no boots)
Stlth   ..........              (no amulet)
HPRegen 0.24/turn               d - +6 ring of dexterity
MPRegen 0.11/turn               f - +4 ring of evasion

@: about to teleport
A: horns 2, retaliatory headbutt
a: no special abilities


You were on level 9 of the Dungeon.
You visited 1 branch of the dungeon, and saw 9 of its levels.

You collected 530 gold pieces.

Inventory:

Hand Weapons
 i - a +3 vorpal hand axe (weapon)
Missiles
 u - a throwing net
Armour
 j - a +1 cloak (worn)
 x - a +0 plate armour (worn)
 y - a +0 kite shield (worn)
Jewellery
 d - a +6 ring of dexterity (left hand)
 f - a +4 ring of evasion (right hand)
 g - a ring of see invisible
 w - a +6 ring of dexterity
 z - a +4 ring of protection
 C - the ring of Kesaerunk {rCorr Str+3}
   (You found it on level 8 of the Dungeon)

   [ring of resist corrosion]

   Str:       It affects your strength (+3).
   rCorr:     It protects you from acid and corrosion.
Wands
 v - a wand of charming (12) (quivered)
 E - a wand of digging (4)
Scrolls
 b - 3 scrolls of magic mapping {unknown}
 k - 2 scrolls of immolation
 l - 3 scrolls of blinking
 n - 2 scrolls of teleportation
 o - 4 scrolls of noise
 r - 3 scrolls of fear
 s - a scroll of brand weapon
 t - a scroll of vulnerability
 A - 2 scrolls of enchant armour {unknown}
 G - a scroll of fog {unknown}
Potions
 a - a potion of attraction {unknown}
 c - a potion of berserk rage {unknown}
 e - a potion of brilliance {unknown}
 h - 2 potions of lignification
 m - a potion of cancellation {unknown}
 B - a potion of ambrosia {unknown}
 D - a potion of degeneration {unknown}
 F - a potion of heal wounds {unknown}


   Skills:
 + Level 8.0 Fighting
 + Level 3.0 Long Blades
 + Level 11.1 Axes
 + Level 10.9 Armour
 + Level 2.7 Dodging
 + Level 2.0 Stealth
 + Level 9.0 Shields
 + Level 3.0 Evocations


You had 9 spell levels left.
You didn't know any spells.
Your spell library contained the following spells:

 Spells                   Type           Power      Damage    Failure   Level
 Sandblast                Erth           0%         2d4       100%        1
 Shock                    Conj/Air       0%         1d3       100%        1
 Summon Small Mammal      Summ           0%         N/A       100%        1
 Passwall                 Tmut/Erth      0%         N/A       100%        2
 Call Canine Familiar     Summ           0%         N/A       100%        3
 Inner Flame              Hex/Fire       0%         N/A       100%        3
 Stone Arrow              Conj/Erth      0%         3d7       100%        3
 Summon Guardian Golem    Hex/Summ       0%         N/A       100%        3
 Swiftness                Air            0%         N/A       100%        3
 Airstrike                Air            0%         2d(0-16)  100%        4
 Cause Fear               Hex            0%         N/A       100%        4
 Discord                  Hex            0%         N/A       100%        8


Dungeon Overview and Level Annotations

Branches:
Dungeon (9/15)             Temple (0/1) D:7             Orc (0/2) D:9
   Lair: D:8-11

Altars:
Yredelemnul

Shops:
D:1 =   D:6 [   D:9 [(


Innate Abilities, Weirdness & Mutations

You have a pair of horns on your head.
You reflexively headbutt those who attack you in melee.


Message History

The 11-headed hydra bites you!
* * * LOW HITPOINT WARNING * * *
You hit the 11-headed hydra. You headbutt the 11-headed hydra.
The 11-headed hydra is lightly wounded.
You block the 11-headed hydra's attack. The 11-headed hydra bites you.
* * * LOW HITPOINT WARNING * * *
The 11-headed hydra bites you.
* * * LOW HITPOINT WARNING * * *
The 11-headed hydra bites you but does no damage. x3
You block the 11-headed hydra's attack. x3
The 11-headed hydra bites you but does no damage. x2
You feel better. You block the 11-headed hydra's attack.
The 11-headed hydra bites you but does no damage.
The 11-headed hydra closely misses you. The 11-headed hydra barely misses you.
The 11-headed hydra closely misses you.
The 11-headed hydra bites you but does no damage.
You block the 11-headed hydra's attack.
The 11-headed hydra bites you but does no damage.
The 11-headed hydra bites you.
* * * LOW HITPOINT WARNING * * *
The 11-headed hydra misses you. The 11-headed hydra barely misses you.
As you read the scroll of teleportation, it crumbles to dust.
You feel strangely unstable. The 11-headed hydra bites you.
* * * LOW HITPOINT WARNING * * *
The 11-headed hydra bites you but does no damage.
You block the 11-headed hydra's attack. The 11-headed hydra bites you.
* * * LOW HITPOINT WARNING * * *
You block the 11-headed hydra's attack. The 11-headed hydra barely misses you.
The 11-headed hydra bites you but does no damage. x3
The 11-headed hydra completely misses you.
You block the 11-headed hydra's attack. You block the 11-headed hydra's attack.
The 11-headed hydra bites you but does no damage. x2
The 11-headed hydra bites you.
* * * LOW HITPOINT WARNING * * *
The 11-headed hydra bites you but does no damage. x2
You block the 11-headed hydra's attack. x2; The 11-headed hydra bites you.
* * * LOW HITPOINT WARNING * * *
The 11-headed hydra bites you.
You die...

#)#...#...............#
######)#...#...............#
.......#...##########......#
.......#####........#......#
..........#.........#......######
.......)..#.........#....[.......
..........#.........#[...........
..........#....D....#######......
.....)....#..†..@...+.....'......
....).....#...##....##....#......
######'####...####+###....#......
#.......(......# #....#......
#..............# #<...#......
#..............# #....#....##
##'############# #########....#P
... ............... ..
.............#P


You could see a 11-headed hydra.

Vanquished Creatures
  A two-headed ogre (D:9)
  Pikel (D:7)
  The ghost of Iusername the Covered, a novice MiFi of Dithmenos (D:5)
  Maggie (D:7)
  Grinder (D:3)
  A wyvern (D:9)
  3 steam dragons
  Menkaure (D:4)
  2 acid dragons (D:8)
  Edmund (D:6)
  2 water moccasins
  Duvessa (D:6)
  2 black bears
  2 ice beasts
  A sky beast (D:7)
  4 orc warriors (D:9)
  3 centaurs
  2 lemures (D:7)
  2 phantoms
  A kobold brigand (D:7)
  6 bullfrogs
  4 scorpions
  A necrophage (D:5)
  11 wights (D:8)
  Dowan (D:6)
  2 howler monkeys
  2 electric eels (D:7)
  A quasit (D:7)
  4 hounds
  2 jellies
  3 orc priests
  Ijyb (D:4)
  Natasha (D:4)
  2 iguanas (D:5)
  7 gnolls
  8 adders
  5 shadow imps (D:7)
  A white imp (D:7)
  5 ufetubi (D:7)
  A worm (D:4)
  27 orcs
  4 bats
  10 endoplasms
  5 giant cockroaches
  8 goblins
  9 hobgoblins
  A jackal (D:2)
  11 kobolds
  8 quokkas
  4 ball pythons
  7 frilled lizards
  9 rats
204 creatures vanquished.

Vanquished Creatures (collateral kills)
  A two-headed ogre (D:9)
1 creature vanquished.

Vanquished Creatures (others)
  An orc priest (D:9)
  4 fungi (D:9)
  16 plants
21 creatures vanquished.

Grand Total: 226 creatures vanquished

Notes
Turn   | Place    | Note
-------+----------+-------------------------------------------
     0 | D:1      | Iusername the Minotaur Fighter began the quest for the Orb.
     0 | D:1      | Reached XP level 1. HP: 19/19 MP: 0/0
   308 | D:1      | Reached XP level 2. HP: 24/27 MP: 1/1
   429 | D:1      | Found Ymulea's Jewellery Emporium.
   586 | D:1      | Reached XP level 3. HP: 32/33 MP: 2/2
   702 | D:1      | Found a faded altar of an unknown god.
  1549 | D:2      | Reached XP level 4. HP: 35/41 MP: 3/3
  1602 | D:2      | Reached skill level 1 in Axes
  1894 | D:3      | Reached skill level 2 in Axes
  2111 | D:3      | Noticed Grinder
  2143 | D:3      | Killed Grinder
  2144 | D:3      | Reached skill level 4 in Axes
  2144 | D:3      | Reached skill level 5 in Armour
  2144 | D:3      | Reached XP level 5. HP: 24/47 MP: 4/4
  2144 | D:3      | Reached XP level 6. HP: 29/55 MP: 5/5
  2876 | D:4      | Noticed Ijyb
  2884 | D:4      | Reached skill level 1 in Dodging
  2897 | D:4      | Killed Ijyb
  3567 | D:4      | Noticed Menkaure
  3573 | D:4      | Reached skill level 5 in Fighting
  3573 | D:4      | Reached skill level 5 in Axes
  3573 | D:4      | Reached XP level 7. HP: 60/61 MP: 6/6
  3578 | D:4      | Killed Menkaure
  4099 | D:4      | Noticed Natasha
  4102 | D:4      | Killed Natasha
  4182 | D:4      | Reached skill level 6 in Axes
  4585 | D:5      | Entered Level 5 of the Dungeon
  4919 | D:5      | Found a runed translucent door.
  4919 | D:5      | Noticed Iusername's ghost (novice MiFi)
  4942 | D:5      | Found a basalt altar of Yredelemnul.
  5223 | D:5      | Killed Iusername's ghost
  5224 | D:5      | Reached skill level 1 in Evocations
  5224 | D:5      | Reached XP level 8. HP: 33/69 MP: 7/7
  5708 | D:5      | Identified the +1 leather armour of Polytheism {Int+4}
  5745 | D:5      | Reached skill level 7 in Axes
  5745 | D:5      | Reached skill level 1 in Stealth
  5745 | D:5      | Reached skill level 5 in Shields
  7369 | D:6      | Found Woytiesa's Antique Armour Shop.
  7995 | D:6      | Reached skill level 8 in Axes
  8005 | D:6      | Noticed Duvessa
  8012 | D:6      | Noticed Dowan
  8019 | D:6      | Reached XP level 9. HP: 38/75 MP: 8/8
  8608 | D:6      | Noticed Edmund
  8621 | D:6      | Killed Edmund
  9048 | D:6      | Killed Duvessa
  9055 | D:6      | Killed Dowan
  9762 | D:7      | Noticed Maggie
  9779 | D:7      | Reached skill level 9 in Axes
  9782 | D:7      | Killed Maggie
 10810 | D:7      | Noticed Pikel
 10821 | D:7      | Killed Pikel
 10822 | D:7      | Reached XP level 10. HP: 68/84 MP: 9/9
 11936 | D:7      | Found a staircase to the Ecumenical Temple.
 12351 | D:8      | Reached skill level 10 in Axes
 13100 | D:8      | Identified the ring of Kesaerunk {rCorr Str+3}
 13246 | D:8      | Reached skill level 10 in Armour
 14259 | D:9      | Found Niaggata's Weapon Emporium.
 14266 | D:9      | Found a staircase to the Orcish Mines.
 15024 | D:9      | Found Dosi Mie's Armour Emporium.
 15213 | D:9      | Noticed a two-headed ogre
 15238 | D:9      | Noticed a two-headed ogre
 15244 | D:9      | Killed a two-headed ogre
 15245 | D:9      | Reached skill level 11 in Axes
 15255 | D:9      | Killed a two-headed ogre
 15686 | D:9      | Noticed an eight-headed hydra
 15687 | D:9      | Upgraded the game from 0.29.0 to 0.29.0-3-gbb0933ed62
 15707 | D:9      | HP: 2/88 [11-headed hydra (3)]
 15707 | D:9      | Slain by an 11-headed hydra

Illustrated notes

Levels and vault maps discovered:
D:1:      onia_arrival_handbag, layout_basic, serial_shops, shop,
          shapermc_ecumenical_altar_mp_highgroup
D:2:      layout_rooms, serial_glass, glass_columns_a, glass_columns_a,
          st_stairs_1, minmay_misc_feat_cross, kennysheep_donut,
          serial_bayou_pond_c, minmay_misc_feat_roman
D:3:      layout_rooms, uniq_grinder
D:4:      layout_layer_cave, uniq_ijyb, uniq_menkaure, uniq_natasha
D:5:      layout_loops_cross, mainiacjoe_overflow_small_starburst,
          hellmonk_ghost_happy_afterlife
D:6:      layout_basic, serial_shops, shop, uniq_edmund, uniq_duvessa
D:7:      layout_cave_pods, minmay_temple_entry_from_below_a, serial_demonic,
          serial_demonic_g, serial_demonic_g, serial_demonic_d,
          serial_demonic_f, serial_demonic_e, minivault_4,
          corexii_hall_statues_t, uniq_pikel, uniq_maggie
D:8:      layout_loops_ring
D:9:      layout_gridville, due_lair_maze_entry_diamond, orc_david_3,
          dreamdust_princess_bridge, eino_tiny_chamber

Skill      XL: |  1  2  3  4  5  6  7  8  9 10 |
---------------+-------------------------------+-----
Armour         | 4 5 7 8 9 10 | 10.9
Fighting       | 4 5 6 8 |  8.0
Shields        | 4 6 7 9 |  9.0
Long Blades    | 3 |  3.0
Axes           | 4 5 6 8 9 11 | 11.1
Dodging        | 1 2 |  2.7
Evocations     | 1 2 3 |  3.0
Stealth        | 1 2 |  2.0

Action                   |  1- 3 |  4- 6 |  7- 9 | 10-12 || total
-------------------------+-------+-------+-------+-------++-------
Melee: Long sword        |    19 |       |       |       ||    19
       Headbutt          |     8 |    13 |    41 |    36 ||    98
       Hand axe          |    64 |    76 |   210 |   149 ||   499
Evoke: Wand              |       |     3 |    25 |     9 ||    37
  Use: Scroll            |       |     6 |     8 |     2 ||    16
       Potion            |       |     1 |     4 |     2 ||     7
Armor: Scale mail        |    19 |    10 |    20 |       ||    49
       Plate armour      |       |       |    62 |    80 ||   142
Dodge: Dodged            |    51 |    50 |   102 |    78 ||   281
Block: Buckler           |    17 |    16 |     7 |       ||    40
       Kite shield       |       |       |   137 |    99 ||   236
